 Dungeon Crawl Stone Soup version 0.30-a0-568-g124715a40b (webtiles) character file.

Game seed: 6096318054195941076

56 sokol815 the Sneak (level 4, -2/28 HPs)
             Began as a Kobold Delver on Dec 28, 2022.
             Slain by a gnoll
             ... wielding a +0 flail
              (8 damage)
             ... on level 3 of the Dungeon.
             The game lasted 00:01:49 (247 turns).

sokol815 the Sneak (Kobold Delver)                   Turns: 247, Time: 00:01:49

Health: -2/28      AC:  4    Str:  9    XL:     4   Next: 15%
Magic:  4/4        EV: 14    Int: 11    God:
Gold:   20         SH:  0    Dex: 18    Spells: 3/3 levels left

rFire   . . .      SeeInvis .    a - +0 short sword
rCold   . . .      Faith    .    (no shield)
rNeg    . . .      Spirit   .    b - +0 leather armour
rPois   .          Reflect  .    (no helmet)
rElec   .          Harm     .    (no cloak)
rCorr   .          Rampage  .    (no gloves)
Will    .....                    e - +0 pair of boots
Stlth   ++++                     (no amulet)
HPRegen 0.24/turn                (no ring)
MPRegen 0.09/turn                (no ring)

@: attractive
A: small, no large weapons, nightstalker 3
a: no special abilities


You were on level 3 of the Dungeon.
You visited 1 branch of the dungeon, and saw 3 of its levels.

You collected 20 gold pieces.

Inventory:

Hand Weapons
 a - a +0 short sword (weapon)
Armour
 b - a +0 leather armour (worn)
 e - a +0 pair of boots (worn)
   (You found it on level 5 of the Dungeon)
Jewellery
 V - a ring of see invisible {sInv, !d}
   (You found it on level 5 of the Dungeon)
Wands
 d - a wand of digging (3)
Scrolls
 c - a scroll of fog
 f - a scroll of noise {unknown}
 E - a scroll of fear


   Skills:
 - Level 3.2 Fighting
 + Level 5.5 Short Blades
 - Level 2.4 Dodging
 - Level 6.6 Stealth


You had 3 spell levels left.
You didn't know any spells.
Your spell library contained the following spells:

 Spells                   Type           Power      Damage    Failure   Level
 Kiss of Death            Conj/Necr      0%         2d5       45%         1
 Confusing Touch          Hex            0%         N/A       83%         3
 Dispel Undead            Necr           0%         3d6       99%         4


Dungeon Overview and Level Annotations

Branches:
Dungeon (5/15) Zot: 17772
 Temple: D:4-7

Altars:


Innate Abilities, Weirdness & Mutations

You are small and have problems with some larger weapons.
You are completely attuned to the shadows.


Message History

The giant cockroach bites you.
You take 2 damage, and have 21/23 hp.
A goblin comes into view. It is wielding a +0 dagger.
The goblin unwields a +0 dagger.
The goblin wields a +0 sling.
The goblin shoots a sling bullet.
The sling bullet closely misses you.
You hear a shout!
Health restored: 23
Found a stone staircase leading up.
You see here a yellow potion.
g - a yellow potion The ufetubus shouts!
There is a stone staircase leading up here.
You climb upwards.
There is a stone staircase leading down here.
Your extra speed is starting to run out.
You feel yourself slow down. 2 gnolls come into view.
A giant cockroach comes into view.
The gnoll shouts!
You hear a shout! x3
A gnoll comes into view. It is wielding a +0 whip.
You hear a shout!
A gnoll and a goblin come into view.
The gnoll throws a throwing net.
The throwing net barely misses you. The gnoll closely misses you.
The gnoll attacks as you move away! The gnoll barely misses you.
The giant cockroach barely misses you.
The giant cockroach attacks as you move away!
The giant cockroach closely misses you. The goblin attacks as you move away!
The goblin hits you but does no damage. The giant cockroach closely misses you.
The giant cockroach closely misses you. The giant cockroach barely misses you.
The giant cockroach attacks as you move away!
The giant cockroach bites you.
You take 2 damage, and have 21/23 hp.
The giant cockroach attacks as you move away!
The giant cockroach bites you but does no damage.
You see here a book of Touch.
You pick up a book of Touch and begin reading...
You add the spells Kiss of Death, Confusing Touch and Dispel Undead to your library.
The giant cockroach bites you but does no damage.
The giant cockroach barely misses you.
Health restored: 23 The giant cockroach attacks as you move away!
The giant cockroach bites you but does no damage.
The giant cockroach bites you.
You take 1 damage, and have 22/23 hp.
The giant cockroach attacks as you move away!
The giant cockroach barely misses you.
Health restored: 23 You hit the giant cockroach but do no damage.
The giant cockroach barely misses you.
You hit the giant cockroach but do no damage.
The giant cockroach bites you.
You take 1 damage, and have 22/23 hp.
You hit the giant cockroach but do no damage.
The giant cockroach barely misses you.
It was a potion of attraction.
You feel attractive to monsters. The giant cockroach closely misses you.
You barely miss the giant cockroach. The giant cockroach closely misses you.
You closely miss the giant cockroach.
The giant cockroach bites you but does no damage.
Health restored: 23 You hit the giant cockroach but do no damage.
The giant cockroach barely misses you.
You closely miss the giant cockroach. You closely miss the giant cockroach.
The giant cockroach misses you.
You hit the giant cockroach. The giant cockroach closely misses you.
You hit the giant cockroach.
You kill the giant cockroach!
You hit the gnoll. The gnoll hits you but does no damage.
You closely miss the gnoll. You hit the gnoll but do no damage.
The gnoll barely misses you.
You closely miss the gnoll. The gnoll barely misses you.
You hit the gnoll. You closely miss the gnoll.
The gnoll hits you with a +0 club.
You take 6 damage, and have 17/23 hp.
MASSIVE DAMAGE!!
You hit the gnoll. The gnoll hits you with a +0 club.
You take 5 damage, and have 12/23 hp.
MASSIVE DAMAGE!!
You hit the gnoll but do no damage. The gnoll hits you but does no damage.
Unknown command.
You closely miss the gnoll. You hit the gnoll.
You kill the gnoll!
You have reached level 4!
You regained 3 hp, and now have 15/28 hp.
MP restored: 4 You completely miss the gnoll.
The gnoll hits you with a +0 flail!
* * * LOW HITPOINT WARNING * * *
Unknown command.
You take 9 damage, and have 6/28 hp.
MASSIVE DAMAGE!!
Unknown command.
You hit the gnoll but do no damage.
Unknown command.
You hit the gnoll. The gnoll hits you with a +0 flail!
You die...

###########
....@g....#
#########.#
#.##########
....#g.gg.....#
####..##.####.#
##.##.## #.#
#.#.$.###g##
.........gg.
^..(......#.


You could see a gnoll.

Vanquished Creatures
  A hound (D:5)
  A gnoll (D:3)
  An adder (D:5)
  A worm (D:5)
  A giant cockroach (D:3)
  A goblin (D:4)
6 creatures vanquished.

Notes
Turn   | Place    | Note
-------+----------+-------------------------------------------
     0 | D:5      | sokol815 the Kobold Delver began the quest for the Orb.
     0 | D:5      | Reached XP level 1. HP: 14/14 MP: 1/1
     5 | D:5      | Noticed an ogre
    44 | D:5      | Reached skill level 3 in Short Blades
    59 | D:5      | Reached skill level 4 in Short Blades
    59 | D:5      | Reached XP level 2. HP: 19/19 MP: 2/2
   129 | D:5      | Reached skill level 5 in Short Blades
   129 | D:5      | Reached XP level 3. HP: 23/23 MP: 3/3
   245 | D:3      | Reached XP level 4. HP: 15/28 MP: 4/4
   245 | D:3      | HP: 6/28 [gnoll/+0 flail (9)]
   247 | D:3      | Slain by a gnoll

Illustrated notes

Levels and vault maps discovered:
D:3:      layout_loops_ring, uniq_natasha
D:4:      layout_rooms, uniq_eustachio, uniq_edmund
D:5:      layout_loops_ring, dancing_weapons_uskayaw, nrook_mini_backslash,
          ebering_dispersal_statue_hall, chequers_serial_rivers_room_b

Skill      XL: |  1  2 |
---------------+-------+-----
Short Blades   | 4 5 |  5.5
Fighting       | |  3.2
Dodging        | |  2.4
Stealth        | |  6.6

Action                   |  1- 3 |  4- 6 || total
-------------------------+-------+-------++-------
Melee: Short sword       |    25 |     3 ||    28
  Use: Potion            |     2 |       ||     2
       Scroll            |     1 |       ||     1
 Stab: Sleeping          |     4 |       ||     4
Armor: Leather armour    |     7 |       ||     7
Dodge: Dodged            |    23 |       ||    23

Table legend: (Time is in decaauts)
 A = Elapsed time spent in this place.
 B = Non-inter-level travel time spent in this place.
 C = Inter-level travel time spent in this place.
 D = Time resting spent in this place.
 E = Time spent auto-exploring this place.
 F = Levels seen in this place.
 G = Mean time per level.
                   A        B        C        D        E       F      G
               +--------+--------+--------+--------+--------+-----+--------+
         Total |    226 |    226 |      0 |      0 |     11 |   3 |   75.3 |
       Dungeon |    226 |    226 |      0 |      0 |     11 |   3 |   75.3 |
               +--------+--------+--------+--------+--------+-----+--------+

Top non-repeatable levels by time:
     D:5: 147 daAuts
     D:3: 51 daAuts
     D:4: 27 daAuts

Table legend:
 A = Kills in this place as a percentage of kills in entire the game.
 B = Kills by you in this place as a percentage of kills by you in the entire game.
 C = Kills by friends in this place as a percentage of kills by friends in the entire game.
 D = Other kills in this place as a percentage of other kills in the entire game.
 E = Experience gained in this place as a percentage of experience gained in the entire game.
 F = Experience gained in this place divided by the number of levels of this place that you have seen.
                   A       B       C       D       E      F
               +-------+-------+-------+-------+-------+----------------------
         Total | 100.0 | 100.0 |   N/A |   N/A | 100.0 |  26.7
       Dungeon | 100.0 | 100.0 |   N/A |   N/A | 100.0 |  26.7
               +-------+-------+-------+-------+-------+----------------------
